 Dungeon Crawl Stone Soup version 0.28.0-1-gb440e238dd (webtiles) character file.

Game seed: 11394395604071950144

116 Ablot the Grasshopper (level 5, -4/43 HPs)
             Began as a Gnoll Warper on Feb 26, 2022.
             Slain by an orc (8 damage)
             ... on level 4 of the Dungeon.
             The game lasted 00:03:11 (3741 turns).

Ablot the Grasshopper (Gnoll Warper)                Turns: 3741, Time: 00:03:11

Health: -4/43      AC:  3    Str: 12    XL:     5   Next: 0%
Magic:  12/12      EV: 13    Int: 12    God:
Gold:   179        SH:  0    Dex: 12    Spells: 12/14 levels left

rFire   . . .      SeeInvis +   m - +0 whip (venom)
rCold   . . .      Faith    .   (no shield)
rNeg    . . .      Spirit   .   b - +0 leather armour
rPois   .          Reflect  .   (no helmet)
rElec   .          Harm     .   (no cloak)
rCorr   .          Rampage  .   (no gloves)
Will    .....                   (no boots)
Stlth   +.........              (no amulet)
HPRegen 0.14/turn               u - ring of see invisible
MPRegen 0.13/turn               (no ring)

@: no status effects
A: fangs 1, strong nose, distributed training
a: no special abilities


You were on level 4 of the Dungeon.
You visited 1 branch of the dungeon, and saw 4 of its levels.

You collected 179 gold pieces.

Inventory:

Hand Weapons
 a - a +0 spear
 m - a +0 whip of venom (weapon)
Missiles
 d - 5 boomerangs of dispersal
 g - 80 stones
 h - 4 poisoned darts (quivered)
 i - 10 sling bullets
 s - 18 bolts
 t - 34 arrows
Armour
 b - a +0 leather armour (worn)
Jewellery
 k - a ring of fire
 u - a ring of see invisible (left hand)
Scrolls
 c - a scroll of blinking
 f - 4 scrolls of identify {unknown}
 l - a scroll of amnesia {unknown}
 o - a scroll of fog {unknown}
 q - a scroll of teleportation {unknown}
 r - a scroll of torment {unknown}
Potions
 e - a potion of might {unknown}
 j - a potion of lignification {unknown}
 n - a potion of brilliance {unknown}
 p - 2 potions of curing {unknown}


   Skills:
 + Level 4.7 Fighting
 + Level 1.3 Short Blades
 + Level 1.3 Long Blades
 + Level 1.3 Axes
 + Level 1.3 Maces & Flails
 + Level 4.7 Polearms
 + Level 1.3 Staves
 + Level 1.3 Slings
 + Level 1.3 Bows
 + Level 1.3 Crossbows
 + Level 2.8 Throwing
 + Level 2.8 Armour
 + Level 4.7 Dodging
 + Level 1.3 Stealth
 + Level 1.3 Shields
 + Level 1.3 Unarmed Combat
 + Level 5.1 Spellcasting
 + Level 1.0 Conjurations
 + Level 1.0 Hexes
 + Level 1.0 Summonings
 + Level 1.0 Necromancy
 + Level 5.5 Translocations
 + Level 1.0 Transmutations
 + Level 1.0 Fire Magic
 + Level 1.0 Ice Magic
 + Level 1.0 Air Magic
 + Level 1.0 Earth Magic
 + Level 1.0 Poison Magic
 + Level 1.4 Invocations
 + Level 1.3 Evocations


You had 12 spell levels left.
You knew the following spells:

 Your Spells              Type           Power      Damage    Failure   Level
a - Blink                 Tloc           32%        N/A       4%          2

Your spell library contained the following spells:

 Spells                   Type           Power      Damage    Failure   Level
 Gell's Gravitas          Tloc           16%        N/A       8%          3
 Lesser Beckoning         Tloc           16%        N/A       8%          3
 Teleport Other           Tloc           16%        N/A       8%          3
 Animate Skeleton         Necr           10%        N/A       16%         1
 Foxfire                  Conj/Fire      20%        2x1d5     16%         1
 Pain                     Necr           20%        1d5       16%         1
 Slow                     Hex            20%        N/A       16%         1
 Confusing Touch          Hex            5%         N/A       43%         3
 Conjure Flame            Conj/Fire      5%         6-21      43%         3
 Inner Flame              Hex/Fire       5%         N/A       43%         3
 Vampiric Draining        Necr           5%         2d6       43%         3
 Manifold Assault         Tloc           16%        N/A       58%         5
 Flame Wave               Conj/Fire      5%         2d5       85%         4
 Summon Lightning Spire   Summ/Air       5%         N/A       85%         4
 Storm Form               Tmut/Air       2%         N/A       100%        7
 Maxwell's Capacitive Co  Air            2%         ∞         100%        8


Dungeon Overview and Level Annotations

Branches:
Dungeon (4/15)
 Temple: D:4-7

Altars:


Innate Abilities, Weirdness & Mutations

You have very sharp teeth.
Your uncanny sense of smell can sniff out nearby items.
Your experience applies equally to all skills.


Message History

Unknown command.
You hit the orc but do no damage.
The orc is poisoned.
An orc comes into view. It is wielding a +0 short sword.
The orc hits you but does no damage. The adder bites you.
You barely miss the orc. The orc closely misses you.
The adder closely misses you.
You closely miss the orc. The adder bites you.
You are poisoned.
The adder poisons you! The orc closely misses you.
Unknown command.
You hit the orc but do no damage.
The orc looks as sick as possible!
The orc is heavily wounded.
You feel sick.
You kill the orc!
The adder bites you. The adder barely misses you.
Unknown command.
You miss the adder.
You feel sick. The orc hits you but does no damage.
The adder completely misses you. The orc closely misses you.
You hit the adder.
The adder is poisoned.
The adder is heavily wounded.
You feel sick. The adder misses you. The adder bites you.
* * * LOW HITPOINT WARNING * * *
The orc closely misses you.
Unknown command.
You hit the adder.
You kill the adder!
You feel sick.
You are no longer poisoned.
The orc hits you with a +0 short sword.
* * * LOW HITPOINT WARNING * * *
Unknown command.
You hit the orc.
The orc is poisoned.
The orc is almost dead.
The orc barely misses you.
You hit the orc.
You kill the orc!
You have reached level 5!
You barely miss the orc. You bite the orc, but do no damage.
The orc hits you with a +0 flail!
You die...

#.# #># #.# #.# ##.## ...
#.# #@# .
###o###############.
#.<.................
...####.#.#########.....#.
....!................##.#^
#...###.#.#########.).....
.. #o#.# #...#.#. #.#.#
#.....# ....# ##<.###


You could see an orc.

Vanquished Creatures
  Jessica (D:3)
  2 adders (D:4)
  3 worms
  A dart slug (D:2)
  3 orcs (D:4)
  3 ball pythons
  6 endoplasms
  A giant cockroach (D:1)
  5 goblins
  7 hobgoblins
  2 jackals (D:2)
  7 kobolds
  2 quokkas (D:1)
  4 bats
  A frilled lizard (D:2)
  5 rats
53 creatures vanquished.

Vanquished Creatures (others)
  2 demonic plants (D:2)
  2 fungi (D:2)
4 creatures vanquished.

Grand Total: 57 creatures vanquished

Notes
Turn   | Place    | Note
-------+----------+-------------------------------------------
     0 | D:1      | Ablot the Gnoll Warper began the quest for the Orb.
     0 | D:1      | Reached XP level 1. HP: 20/20 MP: 6/6
    84 | D:1      | Reached XP level 2. HP: 26/26 MP: 7/7
  1085 | D:2      | Reached XP level 3. HP: 23/31 MP: 9/9
  1088 | D:2      | Learned a level 2 spell: Blink
  1165 | D:2      | Reached skill level 5 in Spellcasting
  1239 | D:2      | Found a faded altar of an unknown god.
  1640 | D:2      | Reached skill level 1 in Invocations
  2210 | D:2      | Reached skill level 1 in Short Blades
  2210 | D:2      | Reached skill level 1 in Long Blades
  2210 | D:2      | Reached skill level 1 in Axes
  2210 | D:2      | Reached skill level 1 in Maces & Flails
  2210 | D:2      | Reached skill level 1 in Staves
  2210 | D:2      | Reached skill level 1 in Slings
  2210 | D:2      | Reached skill level 1 in Bows
  2210 | D:2      | Reached skill level 1 in Crossbows
  2210 | D:2      | Reached skill level 1 in Stealth
  2210 | D:2      | Reached skill level 1 in Shields
  2210 | D:2      | Reached skill level 1 in Unarmed Combat
  2210 | D:2      | Reached skill level 1 in Evocations
  2803 | D:3      | Reached XP level 4. HP: 36/38 MP: 11/11
  3208 | D:3      | Noticed Jessica
  3215 | D:3      | Killed Jessica
  3349 | D:3      | Reached skill level 1 in Conjurations
  3349 | D:3      | Reached skill level 1 in Hexes
  3349 | D:3      | Reached skill level 1 in Summonings
  3349 | D:3      | Reached skill level 1 in Necromancy
  3349 | D:3      | Reached skill level 1 in Transmutations
  3349 | D:3      | Reached skill level 1 in Fire Magic
  3349 | D:3      | Reached skill level 1 in Ice Magic
  3349 | D:3      | Reached skill level 1 in Air Magic
  3349 | D:3      | Reached skill level 1 in Earth Magic
  3349 | D:3      | Reached skill level 1 in Poison Magic
  3741 | D:4      | Reached XP level 5. HP: 4/43 MP: 12/12
  3741 | D:4      | Slain by an orc

Illustrated notes

Levels and vault maps discovered:
D:1:      dpeg_arrival_tiny_c, layout_loops_ring
D:2:      layout_loops_ring, shapermc_ecumenical_altar_gd
D:3:      layout_basic, uniq_jessica
D:4:      layout_loops_ring, enter_ossuary_4

Skill      XL: |  1  2  3  4 |
---------------+-------------+-----
Spellcasting   | 5 |  5.1
Invocations    | 1 |  1.4
Short Blades   | 1 |  1.3
Long Blades    | 1 |  1.3
Axes           | 1 |  1.3
Maces & Flails | 1 |  1.3
Staves         | 1 |  1.3
Slings         | 1 |  1.3
Bows           | 1 |  1.3
Crossbows      | 1 |  1.3
Stealth        | 1 |  1.3
Shields        | 1 |  1.3
Unarmed Combat | 1 |  1.3
Evocations     | 1 |  1.3
Conjurations   | 1 |  1.0
Hexes          | 1 |  1.0
Summonings     | 1 |  1.0
Necromancy     | 1 |  1.0
Transmutations | 1 |  1.0
Fire Magic     | 1 |  1.0
Ice Magic      | 1 |  1.0
Air Magic      | 1 |  1.0
Earth Magic    | 1 |  1.0
Poison Magic   | 1 |  1.0
Fighting       | |  4.7
Polearms       | |  4.7
Throwing       | |  2.8
Armour         | |  2.8
Dodging        | |  4.7
Translocations | |  5.5

Action                   |  1- 3 |  4- 6 || total
-------------------------+-------+-------++-------
Melee: Spear             |    92 |       ||    92
       Punch             |     7 |       ||     7
       Bite              |    14 |     5 ||    19
       Whip              |    57 |    40 ||    97
 Stab: Sleeping          |     3 |       ||     3
       Distracted        |       |     1 ||     1
Armor: Leather armour    |    20 |     7 ||    27
Dodge: Dodged            |    62 |    26 ||    88
